 Dungeon Sprint DCSS version 0.19-a0-36-g4a0968a (webtiles) character file.

995 Canard the Imperceptible (level 7, -3/33 HPs)
             Began as a Spriggan Assassin on May 4, 2016.
             Was an Initiate of Ru.
             Killed from afar by an oklob sapling wizard (6 damage)
             ... with a magic dart
             ... in the Dungeon (Sprint IV: "Fedhas' Mad Dash").
             The game lasted 00:03:47 (1303 turns).

Canard the Imperceptible (Spriggan Assassin)        Turns: 1303, Time: 00:03:47

Health: -3/33      AC:  3    Str:  7    XL:     7   Next: 99%
Magic:  8/8        EV: 17    Int: 12    God:    Ru [......]
Gold:   88         SH:  0    Dex: 20    Spells: 0 memorised, 6 levels left

rFire  . . .     SeeInvis +     a - +2 dagger
rCold  . . .     Gourm    .     c - +0 robe
rNeg   . . .     Faith    .     (shield restricted)
rPois  .         Spirit   .     (helmet restricted)
rElec  .         Dismiss  .     n - +0 cloak {+Inv}
rCorr  .         Reflect  .     (gloves unavailable)
SustAt .         Harm     .     (boots unavailable)
MR     +....     NoTele   +     (no amulet)
Stlth  +++++++++.               (no ring)
                                (no ring)

@: very quick, somewhat resistant to hostile enchantments, incredibly stealthy
A: unfitting armour, see invisible, herbivore 3, speed 3, slow metabolism 2
a: Renounce Religion, Evoke Invisibility


You were in the Dungeon.
You worshipped Ru.
Ru was noncommittal.
You were not hungry.

You visited 1 branch You collected 88 gold pieces.

Inventory:

Hand Weapons
 a - a +2 dagger (weapon)
 b - a +0 blowgun
Missiles
 e - 8 poisoned needles
 f - 2 curare-tipped needles
Armour
 c - a +0 robe (worn)
 d - a +0 cloak
 n - a +0 cloak of invisibility (worn)
   (You found it in the Dungeon)
Scrolls
 m - a scroll of blinking
 p - a scroll of immolation {unknown}
Potions
 h - a potion of curing
 i - a potion of heal wounds
 j - a potion of haste
 k - 2 potions of magic
 l - a potion of berserk rage
Comestibles
 g - a bread ration
 o - 3 royal jellies


   Skills:
 - Level 1.5 Fighting
 + Level 9.2 Short Blades
 - Level 2.0 Throwing
 - Level 1.5 Dodging
 + Level 21.6 Stealth


You had 6 spell levels left.
You didn't know any spells.

Dungeon Overview and Level Annotations

Branches:
Dungeon (1/1)

Altars:
Cheibriados
Dithmenos
Elyvilon
Gozag
Kikubaaqudgha
Makhleb
Nemelex Xobeh
Okawaru
Pakellas
Qazlal
Ru
Sif Muna
Trog
Vehumet
Xom
Yredelemnul
Zin
The Shining One
Beogh
Jiyva
Lugonu

Annotations:
D exclusion: oklob sapling


Innate Abilities, Weirdness & Mutations

You are tiny and cannot use many weapons and most armour.
You have supernaturally acute eyesight.
You are a herbivore.
You cover ground extremely quickly.
You need consume almost no food.


Message History

You hit the spriggan.
The spriggan is moderately wounded.
The spriggan hits you with a dagger!
* * * LOW HITPOINT WARNING * * *
Huge Dmg: -36%(-12hp) hp: 43%(14hp)
You hit the spriggan but do no damage.
The spriggan is moderately wounded.
You miss the spriggan.
The spriggan is moderately wounded.
The spriggan hits you with a dagger!
* * * LOW HITPOINT WARNING * * *
Huge Dmg: -36%(-12hp) hp: 7%(2hp)
You closely miss the spriggan.
The spriggan is moderately wounded.
Really walk into a travel-excluded area?
There is an open door here.
You see here 8 javelins.
The oklob sapling wizard stares at you and mumbles some strange words.
The magic dart hits you!
You die...

########################
..#.⌠...._....⌠.#.i'$).#
).'._._._._._._.@.P#$.$#
..#_._._._._._._#..###+#
'##._._._._._._.#.[#
..#.⌠...._....⌠.####
..############### ###


You could see a spriggan and an oklob sapling wizard.

Vanquished Creatures
  An oklob plant (D)
  A queen bee (D)
  A scorpion (D)
  4 killer bees (D)
  3 oklob saplings (D)
  A spriggan (D)
  A river rat (D)
  A rat (D)
13 creatures vanquished.

Vanquished Creatures (others)
  2 fungi (D)
2 creatures vanquished.

Grand Total: 15 creatures vanquished

Notes
Turn   | Place    | Note
--------------------------------------------------------------
     0 | D        | Canard the Spriggan Assassin began the quest for the Orb.
     0 | D        | Reached XP level 1. HP: 10/10 MP: 2/2
    11 | D        | Noticed an oklob sapling
   322 | D        | Reached skill level 6 in Stealth
   344 | D        | Reached skill level 8 in Stealth
   344 | D        | Reached XP level 2. HP: 11/14 MP: 3/3
   424 | D        | Killed an oklob sapling
   424 | D        | Reached skill level 11 in Stealth
   424 | D        | Reached XP level 3. HP: 18/18 MP: 4/4
   715 | D        | Noticed an oklob sapling
   718 | D        | Killed an oklob sapling
   718 | D        | Reached skill level 12 in Stealth
   727 | D        | Found a snail-covered altar of Cheibriados.
   727 | D        | Found a glowing silver altar of Zin.
   727 | D        | Found a white marble altar of Elyvilon.
   728 | D        | Found a viscous altar of Jiyva.
   728 | D        | Found a radiant altar of Vehumet.
   728 | D        | Found a deep blue altar of Sif Muna.
   728 | D        | Found a burning altar of Makhleb.
   728 | D        | Found an oddly glowing altar of Pakellas.
   728 | D        | Found an ancient bone altar of Kikubaaqudgha.
   728 | D        | Found a bloodstained altar of Trog.
   728 | D        | Found a corrupted altar of Lugonu.
   728 | D        | Found a sacrificial altar of Ru.
   728 | D        | Noticed an oklob sapling priest
   729 | D        | Found a sparkling altar of Nemelex Xobeh.
   729 | D        | Found a glowing golden altar of the Shining One.
   730 | D        | Found a shadowy altar of Dithmenos.
   731 | D        | Found a shimmering altar of Xom.
   731 | D        | Found an iron altar of Okawaru.
   732 | D        | Found an opulent altar of Gozag.
   733 | D        | Found a roughly hewn altar of Beogh.
   733 | D        | Found a basalt altar of Yredelemnul.
   734 | D        | Killed an oklob sapling priest
   734 | D        | Reached skill level 14 in Stealth
   734 | D        | Reached XP level 4. HP: 22/22 MP: 5/5
   735 | D        | Found a stormy altar of Qazlal.
   739 | D        | Became a worshipper of Ru the Awakened
   775 | D        | Noticed a queen bee
   780 | D        | Killed a queen bee
   780 | D        | Reached skill level 19 in Stealth
   780 | D        | Reached XP level 5. HP: 25/25 MP: 6/6
   780 | D        | Reached XP level 6. HP: 30/30 MP: 7/7
   784 | D        | Reached skill level 5 in Short Blades
   785 | D        | Reached skill level 20 in Stealth
   792 | D        | Noticed an oklob plant
   794 | D        | Killed an oklob plant
   794 | D        | Reached skill level 21 in Stealth
   794 | D        | Reached XP level 7. HP: 33/33 MP: 8/8
   806 | D        | Noticed a burning bush
  1303 | D        | Killed from afar by an oklob sapling wizard

Vault maps used:
D:        dungeon_sprint_fedhas

Skill      XL: |  1  2  3  4  5  6  7 |
---------------+----------------------+-----
Stealth        | 8 11 14 19 21 | 21.6
Short Blades   | 8 9 |  9.2
Fighting       | |  1.5
Throwing       | |  2.0
Dodging        | |  1.5

Action                   |  1- 3 |  4- 6 |  7- 9 || total
-------------------------+-------+-------+-------++-------
Melee: Dagger            |    35 |     6 |     8 ||    49
 Stab: Sleeping          |     2 |     6 |     2 ||    10
Armor: Robe              |     1 |       |       ||     1
Dodge: Dodged            |    26 |       |     1 ||    27
